 Dungeon Crawl Stone Soup version 0.26-a0-1181-gd376ed14c5 (webtiles) character file.

Game seed: 3598103285951532311

987 zxpr0jk the Ducker (level 7, -1/39 HPs)
             Began as a Vampire Gladiator on Dec 27, 2020.
             Slain by an ogre
             ... wielding a +0 giant club
              (18 damage)
             ... on level 8 of the Dungeon.
             The game lasted 00:27:40 (5167 turns).

zxpr0jk the Ducker (Vampire Gladiator)              Turns: 5167, Time: 00:27:41

Health: -1/39      AC:  5    Str: 12 (14) XL:     7   Next: 97%
Magic:  7/7        EV: 16    Int: 10      God:
Gold:   218        SH:  0    Dex: 16 (17) Spells: 6/6 levels left

rFire    + . .     SeeInvis +   t - +0 great sword
rCold    + + .     Faith    .   (shield currently unavailable)
rNeg     + + +     Spirit   .   b - +0 leather armour
rPois    ∞         Reflect  .   (helmet restricted)
rElec    .         Harm     .   q - +0 cloak
rCorr    .         Rampage  .   c - +0 pair of gloves
Will     .....                  (no boots)
Stlth    +++++.....             (no amulet)
HPRegen  0.00/turn              o - ring of protection from fire
MPRegen  0.10/turn              (no ring)

@: brilliant, bloodless
A: fangs 3, horns 1, see invisible, high mp 1, unbreathing
a: Bat Form, Revivify


You were on level 8 of the Dungeon.
You visited 1 branch of the dungeon, and saw 9 of its levels.

You collected 218 gold pieces.

Inventory:

Hand Weapons
 d - a +0 hand crossbow
 t - a +0 great sword (weapon)
Armour
 b - a +0 leather armour (worn)
 c - a +0 pair of gloves (worn)
 q - a +0 cloak (worn)
 v - a +0 helmet
Jewellery
 o - a ring of protection from fire (left hand)
Wands
 a - a wand of polymorph (12)
 y - a wand of random effects (24)
Scrolls
 e - a scroll of immolation {unknown}
 f - 2 scrolls of blinking {unknown}
 g - a scroll of amnesia {unknown}
 h - 3 scrolls of remove curse {unknown}
 j - 2 scrolls of magic mapping {unknown}
 k - 5 scrolls of fear {unknown}
 l - 2 scrolls of random uselessness {unknown}
 n - 2 scrolls of enchant armour {unknown}
 p - a scroll of fog {unknown}
 s - 4 scrolls of teleportation {unknown}
 w - 4 scrolls of identify {unknown}
 x - a scroll of enchant weapon {unknown}
Potions
 i - a potion of degeneration
 m - a potion of curing
 r - a potion of lignification
 u - 2 potions of brilliance


   Skills:
 - Level 1.7 Fighting
 * Level 6.9 Long Blades
 - Level 1.5 Throwing
 * Level 7.1 Dodging
 + Level 5.4 Stealth


You had 6 spell levels left.
You didn't know any spells.
Your spell library was empty.

Dungeon Overview and Level Annotations

Branches:
Dungeon (10/15)
 Temple: D:4-7         Lair: D:8-11         Orc: D:9-12

Altars:
Zin

Shops:
D:5 [

Annotations:
D:5 Menkaure, Sigmund


Innate Abilities, Weirdness & Mutations

You do not regenerate when monsters are visible.
You are frail without blood (-20% HP).
You can heal yourself when you bite living creatures.
You are immune to poison.
You have razor-sharp teeth.
You have supernaturally acute eyesight. (SInv)
You can survive without breathing.
You have a pair of small horns on your head.
You have an increased reservoir of magic. (+10% MP)


Message History

You feel your intelligence returning.
You slash the bullfrog! You headbutt the bullfrog.
The bullfrog is heavily wounded.
The bullfrog hits you!
* * * LOW HITPOINT WARNING * * *
The bullfrog barely misses you.
You riposte.
You hit the bullfrog. Your headbutt misses the bullfrog.
The bullfrog is severely wounded.
You feel better.
The bullfrog hits you but does no damage.
The bullfrog misses you.
You closely miss the bullfrog. Your headbutt misses the bullfrog.
The bullfrog is severely wounded.
The bullfrog hits you. The bullfrog closely misses you.
You hit the bullfrog. Your headbutt misses the bullfrog.
The bullfrog is severely wounded.
The bullfrog barely misses you.
You riposte.
You slash the bullfrog!
You kill the bullfrog!
The ogre hits you with a +0 giant club!!
You die...

.# #.## .# #.## .#
##..### .##
###.....####
..#######..........#
.#..#....#.###....##
.##..#####.# ##..##
.##.## ### ##O#
#.#.# #@# #### ###


You could see an ogre.

Vanquished Creatures
  A water moccasin (D:7)
  3 ogres
  A centaur (D:5)
  A bullfrog (D:8)
  A scorpion (D:4)
  A gnoll shaman (D:4)
  A bullfrog zombie (D:5)
  A hound (D:8)
  Crazy Yiuf (D:3)
  Ijyb (D:5)
  An orc wizard (D:3)
  3 worker ants
  A killer bee zombie (D:4)
  A hound skeleton (D:4)
  4 gnolls (D:4)
  9 adders
  A white imp (D:5)
  An ufetubus (D:5)
  3 worms
  4 dart slugs
  A leopard gecko (D:3)
  3 orcs
  4 ball pythons
  7 giant cockroaches
  6 goblins
  8 hobgoblins
  3 jackals (D:2)
  7 kobolds
  3 quokkas
  3 bats
  6 frilled lizards
  10 rats
101 creatures vanquished.

Notes
Turn   | Place    | Note
-------+----------+-------------------------------------------
     0 | D:1      | zxpr0jk the Vampire Gladiator began the quest for the Orb.
     0 | D:1      | Reached XP level 1. HP: 16/16 MP: 1/1
   133 | D:1      | Reached XP level 2. HP: 22/22 MP: 2/2
   652 | D:2      | Reached XP level 3. HP: 19/21 MP: 3/3
  1137 | D:2      | Reached skill level 4 in Dodging
  1264 | D:2      | Reached XP level 4. HP: 20/26 MP: 4/4
  1565 | D:3      | Reached skill level 1 in Stealth
  1827 | D:3      | Found a runed translucent door.
  1828 | D:3      | Noticed Crazy Yiuf
  2212 | D:3      | Reached XP level 5. HP: 30/30 MP: 5/5
  2711 | D:3      | Killed Crazy Yiuf
  2804 | D:4      | Reached skill level 5 in Long Blades
  2887 | D:4      | Noticed a phantom
  2888 | D:4      | Noticed an ogre
  3282 | D:4      | Found a glowing silver altar of Zin.
  3296 | D:4      | Reached skill level 5 in Dodging
  3359 | D:4      | Killed an ogre
  3360 | D:4      | Reached XP level 6. HP: 30/35 MP: 6/6
  3914 | D:4      | Reached skill level 6 in Dodging
  3914 | D:4      | Reached XP level 7. HP: 39/39 MP: 7/7
  3990 | D:5      | Entered Level 5 of the Dungeon
  4181 | D:5      | Noticed Sigmund
  4524 | D:5      | Noticed Menkaure
  4536 | D:5      | Noticed Ijyb
  4557 | D:5      | Found Favvyhene's Armour Boutique.
  4597 | D:5      | Killed Ijyb
  4609 | D:5      | You fall into a shaft and drop 3 floors!
  4805 | D:8      | Noticed a two-headed ogre
  4824 | D:7      | Reached skill level 5 in Stealth
  4911 | D:7      | You fall into a shaft and drop 3 floors!
  4911 | D:10     | Entered Level 10 of the Dungeon
  5097 | D:9      | Reached skill level 7 in Dodging
  5162 | D:8      | Gained mutation: You have a pair of small horns on your
                  | head. [potion of mutation]
  5162 | D:8      | Gained mutation: You have an increased reservoir of magic.
                  | (+10% MP) [potion of mutation]
  5167 | D:8      | Slain by an ogre

Illustrated notes

Levels and vault maps discovered:
D:1:      dpeg_arrival_stonehenge_8_columns, layout_loops_ring
D:2:      layout_rooms
D:3:      layout_loops_ring, serial_rivers, chequers_serial_rivers_marsh,
          chequers_serial_rivers_micro_a, chequers_serial_rivers_micro_d,
          chequers_serial_rivers_micro_b, chequers_serial_rivers_small_b,
          uniq_crazy_yiuf_cottage
D:4:      kennysheep_spiral_hall, layout_basic, kennysheep_mini_moat,
          supply_closet_lemuel
D:5:      layout_layer_cave, serial_shops, nicolae_shop_statue_plus,
          nicolae_shop_crystal, kennysheep_boxes, uniq_sigmund, uniq_ijyb,
          uniq_menkaure
D:7:      layout_basic, grunt_temple_overflow_open, temple_statues,
          xom_teletrap_fun
D:8:      layout_layer_cave, uniq_maggie
D:9:      layout_loops_ring, lair_entry_dummy
D:10:     layout_basic, special_room [special_room_kobold], grunt_tough_drop

Skill      XL: |  1  2  3  4  5  6  7 |
---------------+----------------------+-----
Long Blades    | 4 5 6 |  6.9
Dodging        | 4 5 6 7 |  7.1
Stealth        | 1 3 4 5 |  5.4
Fighting       | |  1.7
Throwing       | |  1.5

Action                   |  1- 3 |  4- 6 |  7- 9 || total
-------------------------+-------+-------+-------++-------
Melee: Long sword        |    77 |   100 |       ||   177
       Bite              |    12 |    29 |     8 ||    49
       Great sword       |       |    56 |    62 ||   118
       Headbutt          |       |       |     1 ||     1
Throw: Throwing net      |       |     4 |       ||     4
 Abil: Exsanguinate      |     1 |       |       ||     1
  Use: Potion            |       |     1 |     8 ||     9
 Stab: Sleeping          |     4 |    16 |     5 ||    25
       Held in net/web   |       |     5 |       ||     5
       Distracted        |       |     1 |       ||     1
Armor: Leather armour    |    24 |    30 |    15 ||    69
Dodge: Dodged            |    68 |   110 |    65 ||   243
       Rpst.: Long sword |    24 |    21 |       ||    45
       Great sword       |       |    12 |    19 ||    31

Table legend: (Time is in decaauts)
 A = Elapsed time spent in this place.
 B = Non-inter-level travel time spent in this place.
 C = Inter-level travel time spent in this place.
 D = Time resting spent in this place.
 E = Time spent auto-exploring this place.
 F = Levels seen in this place.
 G = Mean time per level.
                   A        B        C        D        E       F      G
               +--------+--------+--------+--------+--------+-----+--------+
         Total |   5212 |   5042 |    170 |   1439 |   2053 |   9 |  579.1 |
       Dungeon |   5212 |   5042 |    170 |   1439 |   2053 |   9 |  579.1 |
               +--------+--------+--------+--------+--------+-----+--------+

Top non-repeatable levels by time:
     D:3: 1494 daAuts
     D:4: 1049 daAuts
     D:2: 936 daAuts
     D:5: 626 daAuts
     D:1: 573 daAuts
     D:8: 243 daAuts
    D:10: 109 daAuts
     D:7: 99 daAuts
     D:9: 78 daAuts
